Flyers vs RedWings

Created - November 16 2011 at 17:31

Goals
1 2 3 T
Flyers 2 0 0 2
RedWings 0 2 3 5
Shots
1 2 3 T
Flyers 5 6 4 15
RedWings 16 14 15 45

Period #1

1. Flyers , John Madden 5 (Randy Jones, Niklas Hagman) at 2:45
2. Flyers , Chris Pronger 4 (Kevin Bieksa, Justin Williams) at 12:34 (PP)

Penalties :
Andrej Sekera (PHI) for High sticking (Double Minor) at 6:07, Marty Reasoner (DET) for Hooking (Minor) at 12:10, Randy Jones (PHI) for Holding (Minor) at 16:58

Period #2

3. RedWings , Zach Parise 8 (Brian Campbell, Sergei Kostitsyn) at 8:27
4. RedWings , Ray Whitney 9 (Alexandre Burrows, Keith Yandle) at 18:54

Penalties :
Rostislav Klesla (PHI) for Hooking (Minor) at 5:19, Lee Stempniak (PHI) for Hooking (Minor) at 12:23, Brandon McMillan (PHI) for Hooking (Minor) at 14:55, Keith Yandle (DET) for Holding (Minor) at 19:15

Period #3

5. RedWings , Nate Thompson 1 (Keith Yandle, Eric Brewer) at 5:47
6. RedWings , Brian Campbell 3 (Travis Zajac) at 12:30 (PP)
7. RedWings , Kris Draper 1 (Jamie Langenbrunner, Brett Clark) at 18:38

Penalties :
Keith Yandle (DET) for Holding (Minor) at 1:17, Raffi Torres (PHI) for Roughing (Minor) at 6:12, Pascal Dupuis (PHI) for Holding (Minor) at 12:03, Rostislav Klesla (PHI) for Goalie Interference (Minor) at 15:23

Goalie Stats

Tomas Vokoun (PHI), 40 saves from 45 shots - (0.889), L, 8-8-2, 60:00 minutes
Roberto Luongo (DET), 13 saves from 15 shots - (0.867), W, 9-10-2, 60:00 minutes

Players Stats

Flyers
Player Name              G  A  P  +/- PIM S  H  SB FO    MP 
------------------------------------------------------------
Andrei Markov            0  0  0  -3  0   0  1  2  0/0   20 
Andrej Sekera            0  0  0  -3  4   1  0  3  0/0   19 
Brandon McMillan         0  0  0  -1  2   0  0  0  0/1   6  
Brendan Morrison         0  0  0   0  0   1  0  0  9/18  20 
Chris Pronger            1  0  1  -1  0   3  0  1  0/0   23 
John Madden              1  0  1   1  0   2  0  0  8/17  16 
Justin Williams          0  1  1  -2  0   2  1  0  7/14  23 
Kevin Bieksa             0  1  1   0  0   0  4  1  0/0   20 
Kyle Brodziak            0  0  0  -1  0   1  0  0  3/10  3  
Ladislav Smid            0  0  0  -1  0   0  0  0  0/0   5  
Lee Stempniak            0  0  0   0  2   1  2  0  0/2   14 
Niklas Hagman            0  1  1   1  0   2  1  0  0/0   14 
Pascal Dupuis            0  0  0   0  2   0  1  0  0/0   20 
Radim Vrbata             0  0  0  -2  0   0  0  0  0/1   16 
Raffi Torres             0  0  0  -2  2   0  4  0  0/1   14 
Randy Jones              0  1  1   1  2   0  1  0  0/0   14 
Rostislav Klesla         0  0  0   1  4   0  1  2  0/0   17 
Tim Connolly             0  0  0  -3  0   2  1  0  15/36 20 
RedWings
Player Name              G  A  P  +/- PIM S  H  SB FO    MP 
------------------------------------------------------------
Alexandre Burrows        0  1  1   1  0   3  3  0  0/0   22 
Brett Clark              0  1  1   1  0   0  1  0  0/0   13 
Brian Campbell           1  1  2   0  0   4  1  2  0/0   22 
Eric Brewer              0  1  1   1  0   0  0  0  0/0   4  
Jamie Langenbrunner      0  1  1   1  0   4  3  0  0/0   14 
Keith Yandle             0  2  2   2  4   2  0  2  0/0   23 
Kris Draper              1  0  1   2  0   3  0  0  0/0   19 
Marty Reasoner           0  0  0   1  2   1  1  1  17/22 16 
Nate Thompson            1  0  1   1  0   2  0  0  9/15  7  
Niclas Bergfors          0  0  0   1  0   0  0  0  0/0   4  
Nik Antropov             0  0  0   1  0   2  1  0  13/28 19 
Paul Martin              0  0  0   0  0   3  1  0  0/0   22 
Pavel Kubina             0  0  0   1  0   0  2  1  0/0   16 
Ray Whitney              1  0  1   1  0   4  2  0  1/2   21 
Ryan Whitney             0  0  0   1  0   0  1  1  0/0   17 
Sergei Kostitsyn         0  1  1   0  0   1  1  0  0/1   19 
Travis Zajac             0  1  1   0  0   6  2  0  18/30 19 
Zach Parise              1  0  1   0  0   10 0  0  0/2   19 

3 Stars

1 - Brian Campbell (DET)
2 - Kris Draper (DET)
3 - Ray Whitney (DET)

Power Play

Flyers - 1 on 3 Attempt(s) - 33.33%
RedWings - 1 on 9 Attempt(s) - 11.11%

Penalty Kill

Flyers - 8 on 9 Attempt(s) - 88.89% - Score 0 goal in Penalty Kill
RedWings - 2 on 3 Attempt(s) - 66.67% - Score 0 goal in Penalty Kill

Game Notes

No Game Note

Finance

Level 1 -- Attendance: 5796 (89.17%) -- Ticket Income $463,680.00
Level 2 -- Attendance: 5000 (100.00%) -- Ticket Income $225,000.00
Level 3 -- Attendance: 3320 (94.86%) -- Ticket Income $99,600.00
Level 4 -- Attendance: 2858 (70.29%) -- Ticket Income $42,870.00
Luxury Box -- Attendance: 1000 (100.00%) -- Ticket Income $150,000.00
Game was played at the Joe Louis Arena
Total Attendance: 17974 (89.57%)
Total Ticket Income: $1,018,090.00
Other Income: $218,908.50
Total Income: $1,236,999.00


Play by Play

Period #1

0:01 of 1st period - Ray Whitney wins face-off versus Brendan Morrison in neutral zone.
0:14 of 1st period - Off-side.
0:15 of 1st period - Travis Zajac wins face-off versus Tim Connolly in neutral zone.
0:42 of 1st period - Shot by Sergei Kostitsyn.
0:42 of 1st period - Shot Misses the Net.
0:44 of 1st period - Shot by Paul Martin.
0:44 of 1st period - Stopped by Tomas Vokoun without a rebound.
0:45 of 1st period - Nik Antropov wins face-off versus Brendan Morrison in Flyers zone.
1:03 of 1st period - Shot by Chris Pronger.
1:03 of 1st period - Shot Blocked by Ryan Whitney.
1:05 of 1st period - Shot by Brendan Morrison.
1:05 of 1st period - Stopped by Roberto Luongo without a rebound.
1:06 of 1st period - Marty Reasoner wins face-off versus Lee Stempniak in RedWings zone.
1:10 of 1st period - Off-side.
1:11 of 1st period - John Madden wins face-off versus Marty Reasoner in neutral zone.
1:34 of 1st period - Shot by Jamie Langenbrunner.
1:34 of 1st period - Stopped by Tomas Vokoun without a rebound.
1:35 of 1st period - Nik Antropov wins face-off versus Brendan Morrison in Flyers zone.
1:37 of 1st period - Ray Whitney is hit by Kevin Bieksa and loses puck.
1:46 of 1st period - Shot by Alexandre Burrows.
1:46 of 1st period - Stopped by Tomas Vokoun without a rebound.
1:47 of 1st period - Travis Zajac wins face-off versus Tim Connolly in Flyers zone.
2:02 of 1st period - Shot by Zach Parise.
2:02 of 1st period - Stopped by Tomas Vokoun without a rebound.
2:03 of 1st period - Brendan Morrison wins face-off versus Nik Antropov in Flyers zone.
2:28 of 1st period - Shot by Justin Williams.
2:28 of 1st period - Stopped by Roberto Luongo without a rebound.
2:29 of 1st period - Tim Connolly wins face-off versus Travis Zajac in RedWings zone.
2:33 of 1st period - Icing by Zach Parise.
2:34 of 1st period - John Madden wins face-off versus Zach Parise in RedWings zone.
2:45 of 1st period - Shot by John Madden.
2:45 of 1st period - Goal by John Madden - Flyers : 1 - RedWings : 0.
2:46 of 1st period - Marty Reasoner wins face-off versus Tim Connolly in neutral zone.
2:46 of 1st period - Marty Reasoner is hit by Tim Connolly.
2:49 of 1st period - Off-side.
2:50 of 1st period - Tim Connolly wins face-off versus Nik Antropov in neutral zone.
2:50 of 1st period - Tim Connolly is hit by Ray Whitney.
2:56 of 1st period - Shot by Radim Vrbata.
2:56 of 1st period - Shot Misses the Net.
3:01 of 1st period - Icing by Ray Whitney.
3:02 of 1st period - Nik Antropov wins face-off versus Brendan Morrison in RedWings zone.
3:02 of 1st period - Nik Antropov is hit by Justin Williams.
3:20 of 1st period - Pascal Dupuis is hit by Nik Antropov and loses puck.
3:36 of 1st period - Alexandre Burrows is hit by Kevin Bieksa and loses puck.
3:46 of 1st period - Icing by Chris Pronger.
3:47 of 1st period - Justin Williams wins face-off versus Zach Parise in Flyers zone.
3:47 of 1st period - Kevin Bieksa is hit by Sergei Kostitsyn and loses puck.
4:00 of 1st period - Shot by Zach Parise.
4:00 of 1st period - Shot Misses the Net.
4:02 of 1st period - Shot by Brian Campbell.
4:02 of 1st period - Shot Misses the Net.
4:11 of 1st period - Justin Williams is hit by Travis Zajac and loses puck.
5:51 of 1st period - Raffi Torres is hit by Alexandre Burrows and loses puck.
6:07 of 1st period - Double Minor Penalty to Andrej Sekera for High sticking.
6:08 of 1st period - John Madden wins face-off versus Sergei Kostitsyn in Flyers zone.
6:14 of 1st period - Icing by Travis Zajac.
6:15 of 1st period - John Madden wins face-off versus Travis Zajac in RedWings zone.
7:09 of 1st period - Shot by Alexandre Burrows.
7:09 of 1st period - Shot Misses the Net.
7:11 of 1st period - Shot by Zach Parise.
7:11 of 1st period - Stopped by Tomas Vokoun without a rebound.
7:12 of 1st period - Travis Zajac wins face-off versus Tim Connolly in Flyers zone.
7:23 of 1st period - Shot by Zach Parise.
7:23 of 1st period - Shot Misses the Net.
7:25 of 1st period - Shot by Paul Martin.
7:25 of 1st period - Shot Misses the Net.
8:27 of 1st period - Brendan Morrison is hit by Jamie Langenbrunner and loses puck.
8:32 of 1st period - Shot by Paul Martin.
8:32 of 1st period - Shot Misses the Net.
8:34 of 1st period - Shot by Travis Zajac.
8:34 of 1st period - Stopped by Tomas Vokoun with a rebound.
8:36 of 1st period - Shot by Brian Campbell.
8:36 of 1st period - Shot Misses the Net.
8:38 of 1st period - Shot by Brian Campbell.
8:38 of 1st period - Stopped by Tomas Vokoun with a rebound.
8:40 of 1st period - Shot by Jamie Langenbrunner.
8:40 of 1st period - Stopped by Tomas Vokoun without a rebound.
8:41 of 1st period - Marty Reasoner wins face-off versus Brandon McMillan in Flyers zone.
10:08 of 1st period - Icing by Ryan Whitney.
10:09 of 1st period - Nate Thompson wins face-off versus John Madden in RedWings zone.
10:09 of 1st period - Nate Thompson is hit by Lee Stempniak.
11:01 of 1st period - Shot by Tim Connolly.
11:01 of 1st period - Shot Blocked by Keith Yandle.
11:05 of 1st period - Shot by Tim Connolly.
11:05 of 1st period - Stopped by Roberto Luongo without a rebound.
11:06 of 1st period - Marty Reasoner wins face-off versus Kyle Brodziak in RedWings zone.
11:13 of 1st period - Shot by Jamie Langenbrunner.
11:13 of 1st period - Stopped by Tomas Vokoun without a rebound.
11:14 of 1st period - Marty Reasoner wins face-off versus Kyle Brodziak in Flyers zone.
11:32 of 1st period - Shot by Zach Parise.
11:32 of 1st period - Shot Misses the Net.
11:34 of 1st period - Shot by Zach Parise.
11:34 of 1st period - Deflect By Jamie Langenbrunner.
11:34 of 1st period - Stopped by Tomas Vokoun without a rebound.
11:35 of 1st period - Travis Zajac wins face-off versus Tim Connolly in Flyers zone.
11:45 of 1st period - Shot by Sergei Kostitsyn.
11:45 of 1st period - Shot Misses the Net.
11:47 of 1st period - Shot by Travis Zajac.
11:47 of 1st period - Stopped by Tomas Vokoun without a rebound.
11:48 of 1st period - Nik Antropov wins face-off versus John Madden in Flyers zone.
12:08 of 1st period - Off-side.
12:09 of 1st period - Brendan Morrison wins face-off versus Marty Reasoner in neutral zone.
12:09 of 1st period - Brendan Morrison is hit by Jamie Langenbrunner.
12:10 of 1st period - Minor Penalty to Marty Reasoner for Hooking.
12:11 of 1st period - Brendan Morrison wins face-off versus Nate Thompson in RedWings zone.
12:16 of 1st period - Shot by Kevin Bieksa.
12:16 of 1st period - Shot Misses the Net.
12:18 of 1st period - Shot by Pascal Dupuis.
12:18 of 1st period - Shot Misses the Net.
12:32 of 1st period - Shot by Kevin Bieksa.
12:32 of 1st period - Shot Misses the Net.
12:34 of 1st period - Shot by Chris Pronger.
12:34 of 1st period - Goal by Chris Pronger - Flyers : 2 - RedWings : 0.
12:35 of 1st period - Marty Reasoner wins face-off versus Tim Connolly in neutral zone.
12:59 of 1st period - Shot by Jamie Langenbrunner.
12:59 of 1st period - Shot Misses the Net.
14:20 of 1st period - Randy Jones is hit by Alexandre Burrows and loses puck.
15:45 of 1st period - Shot by Zach Parise.
15:45 of 1st period - Stopped by Tomas Vokoun with a rebound.
15:54 of 1st period - Sergei Kostitsyn is hit by Kevin Bieksa and loses puck.
15:59 of 1st period - Shot by Zach Parise.
15:59 of 1st period - Shot Blocked by Chris Pronger.
16:01 of 1st period - Shot by Paul Martin.
16:01 of 1st period - Stopped by Tomas Vokoun without a rebound.
16:02 of 1st period - Tim Connolly wins face-off versus Nate Thompson in Flyers zone.
16:15 of 1st period - Icing by Andrei Markov.
16:16 of 1st period - Nik Antropov wins face-off versus Tim Connolly in Flyers zone.
16:27 of 1st period - Icing by Andrei Markov.
16:28 of 1st period - Travis Zajac wins face-off versus Tim Connolly in Flyers zone.
16:37 of 1st period - Brian Campbell is hit by Raffi Torres.
16:51 of 1st period - Shot by Zach Parise.
16:51 of 1st period - Stopped by Tomas Vokoun without a rebound.
16:52 of 1st period - John Madden wins face-off versus Marty Reasoner in Flyers zone.
16:52 of 1st period - Niklas Hagman is hit by Jamie Langenbrunner and loses puck.
16:58 of 1st period - Minor Penalty to Randy Jones for Holding.
16:59 of 1st period - Brendan Morrison wins face-off versus Nik Antropov in Flyers zone.
17:18 of 1st period - Shot by Keith Yandle.
17:18 of 1st period - Shot Misses the Net.
17:20 of 1st period - Shot by Zach Parise.
17:20 of 1st period - Deflect By Nik Antropov.
17:20 of 1st period - Stopped by Tomas Vokoun without a rebound.
17:21 of 1st period - Travis Zajac wins face-off versus Tim Connolly in Flyers zone.
17:47 of 1st period - Shot by Ray Whitney.
17:47 of 1st period - Stopped by Tomas Vokoun without a rebound.
17:48 of 1st period - Nik Antropov wins face-off versus Justin Williams in Flyers zone.
19:48 of 1st period - Off-side.
19:49 of 1st period - Travis Zajac wins face-off versus Kyle Brodziak in neutral zone.

Period #2

0:01 of 2nd period - Brendan Morrison wins face-off versus Nik Antropov in neutral zone.
0:17 of 2nd period - Shot by Alexandre Burrows.
0:17 of 2nd period - Stopped by Tomas Vokoun without a rebound.
0:18 of 2nd period - Travis Zajac wins face-off versus Tim Connolly in Flyers zone.
0:35 of 2nd period - Shot by Radim Vrbata.
0:35 of 2nd period - Shot Misses the Net.
0:37 of 2nd period - Shot by Tim Connolly.
0:37 of 2nd period - Shot Misses the Net.
0:39 of 2nd period - Shot by Andrej Sekera.
0:39 of 2nd period - Stopped by Roberto Luongo without a rebound.
0:40 of 2nd period - Marty Reasoner wins face-off versus John Madden in RedWings zone.
1:13 of 2nd period - Shot by Niklas Hagman.
1:13 of 2nd period - Stopped by Roberto Luongo without a rebound.
1:14 of 2nd period - Brendan Morrison wins face-off versus Nik Antropov in RedWings zone.
1:21 of 2nd period - Shot by Justin Williams.
1:21 of 2nd period - Stopped by Roberto Luongo with a rebound.
2:12 of 2nd period - Icing by Paul Martin.
2:13 of 2nd period - Travis Zajac wins face-off versus Tim Connolly in RedWings zone.
2:39 of 2nd period - Icing by Andrej Sekera.
2:40 of 2nd period - Tim Connolly wins face-off versus Marty Reasoner in Flyers zone.
2:44 of 2nd period - Off-side.
2:45 of 2nd period - Marty Reasoner wins face-off versus John Madden in neutral zone.
3:20 of 2nd period - Shot by Niklas Hagman.
3:20 of 2nd period - Deflect By John Madden.
3:20 of 2nd period - Stopped by Roberto Luongo without a rebound.
3:21 of 2nd period - Nik Antropov wins face-off versus Kyle Brodziak in RedWings zone.
3:57 of 2nd period - Shot by Justin Williams.
3:57 of 2nd period - Deflect By Kyle Brodziak.
3:57 of 2nd period - Stopped by Roberto Luongo without a rebound.
3:58 of 2nd period - Tim Connolly wins face-off versus Travis Zajac in RedWings zone.
4:19 of 2nd period - Shot by Zach Parise.
4:19 of 2nd period - Stopped by Tomas Vokoun without a rebound.
4:20 of 2nd period - Marty Reasoner wins face-off versus John Madden in Flyers zone.
4:27 of 2nd period - Shot by Jamie Langenbrunner.
4:27 of 2nd period - Shot Misses the Net.
5:19 of 2nd period - Minor Penalty to Rostislav Klesla for Hooking.
5:20 of 2nd period - Travis Zajac wins face-off versus Justin Williams in Flyers zone.
5:49 of 2nd period - Shot by Ray Whitney.
5:49 of 2nd period - Stopped by Tomas Vokoun without a rebound.
5:50 of 2nd period - Tim Connolly wins face-off versus Nik Antropov in Flyers zone.
6:42 of 2nd period - Icing by Paul Martin.
6:43 of 2nd period - Travis Zajac wins face-off versus Justin Williams in RedWings zone.
7:00 of 2nd period - Shot by Paul Martin.
7:00 of 2nd period - Shot Misses the Net.
7:02 of 2nd period - Shot by Travis Zajac.
7:02 of 2nd period - Stopped by Tomas Vokoun without a rebound.
7:03 of 2nd period - Nik Antropov wins face-off versus Tim Connolly in Flyers zone.
7:22 of 2nd period - Shot by Kris Draper.
7:22 of 2nd period - Stopped by Tomas Vokoun without a rebound.
7:23 of 2nd period - Marty Reasoner wins face-off versus John Madden in Flyers zone.
7:35 of 2nd period - Icing by Pavel Kubina.
7:36 of 2nd period - Marty Reasoner wins face-off versus Tim Connolly in RedWings zone.
8:23 of 2nd period - Shot by Sergei Kostitsyn.
8:23 of 2nd period - Shot Blocked by Andrej Sekera.
8:25 of 2nd period - Shot by Brian Campbell.
8:25 of 2nd period - Shot Blocked by Andrej Sekera.
8:27 of 2nd period - Shot by Zach Parise.
8:27 of 2nd period - Goal by Zach Parise - Flyers : 2 - RedWings : 1.
8:28 of 2nd period - Brendan Morrison wins face-off versus Nik Antropov in neutral zone.
10:31 of 2nd period - Brett Clark is hit by Raffi Torres and loses puck.
11:21 of 2nd period - Eric Brewer is hit by Pascal Dupuis and loses puck.
11:27 of 2nd period - Alexandre Burrows is hit by Kevin Bieksa and loses puck.
12:06 of 2nd period - Travis Zajac is hit by Randy Jones and loses puck.
12:14 of 2nd period - Sergei Kostitsyn is hit by Rostislav Klesla.
12:23 of 2nd period - Minor Penalty to Lee Stempniak for Hooking.
12:24 of 2nd period - Justin Williams wins face-off versus Travis Zajac in Flyers zone.
12:39 of 2nd period - Shot by Travis Zajac.
12:39 of 2nd period - Shot Misses the Net.
12:41 of 2nd period - Shot by Brian Campbell.
12:41 of 2nd period - Deflect By Ray Whitney.
12:41 of 2nd period - Stopped by Tomas Vokoun without a rebound.
12:42 of 2nd period - Nik Antropov wins face-off versus Justin Williams in Flyers zone.
12:51 of 2nd period - Shot by Alexandre Burrows.
12:51 of 2nd period - Stopped by Tomas Vokoun without a rebound.
12:52 of 2nd period - Tim Connolly wins face-off versus Nik Antropov in Flyers zone.
13:09 of 2nd period - Shot by Zach Parise.
13:09 of 2nd period - Shot Misses the Net.
13:13 of 2nd period - Shot by Nik Antropov.
13:13 of 2nd period - Stopped by Tomas Vokoun with a rebound.
13:15 of 2nd period - Shot by Keith Yandle.
13:15 of 2nd period - Shot Blocked by Rostislav Klesla.
13:17 of 2nd period - Shot by Nik Antropov.
13:17 of 2nd period - Shot Misses the Net.
13:19 of 2nd period - Shot by Keith Yandle.
13:19 of 2nd period - Stopped by Tomas Vokoun without a rebound.
13:20 of 2nd period - Travis Zajac wins face-off versus Justin Williams in Flyers zone.
13:28 of 2nd period - Icing by Paul Martin.
13:29 of 2nd period - Justin Williams wins face-off versus Travis Zajac in RedWings zone.
13:32 of 2nd period - Shot by Justin Williams.
13:32 of 2nd period - Deflect By Brendan Morrison.
13:32 of 2nd period - Shot Blocked by Brian Campbell.
13:49 of 2nd period - Shot by Brian Campbell.
13:49 of 2nd period - Shot Blocked by Andrej Sekera.
14:50 of 2nd period - Off-side.
14:51 of 2nd period - Nate Thompson wins face-off versus Kyle Brodziak in neutral zone.
14:55 of 2nd period - Minor Penalty to Brandon McMillan for Hooking.
14:56 of 2nd period - Travis Zajac wins face-off versus Tim Connolly in Flyers zone.
14:59 of 2nd period - Shot by Paul Martin.
14:59 of 2nd period - Shot Misses the Net.
15:35 of 2nd period - Icing by Ray Whitney.
15:36 of 2nd period - Justin Williams wins face-off versus Travis Zajac in RedWings zone.
15:36 of 2nd period - Chris Pronger is hit by Paul Martin and loses puck.
16:13 of 2nd period - Icing by Alexandre Burrows.
16:14 of 2nd period - Tim Connolly wins face-off versus Nik Antropov in RedWings zone.
16:25 of 2nd period - Pascal Dupuis is hit by Alexandre Burrows and loses puck.
16:34 of 2nd period - Shot by Keith Yandle.
16:34 of 2nd period - Stopped by Tomas Vokoun without a rebound.
16:35 of 2nd period - Travis Zajac wins face-off versus Justin Williams in Flyers zone.
16:52 of 2nd period - Shot by Sergei Kostitsyn.
16:52 of 2nd period - Stopped by Tomas Vokoun without a rebound.
16:53 of 2nd period - Tim Connolly wins face-off versus Nik Antropov in Flyers zone.
17:09 of 2nd period - Shot by Niklas Hagman.
17:09 of 2nd period - Stopped by Roberto Luongo with a rebound.
17:11 of 2nd period - Shot by John Madden.
17:11 of 2nd period - Shot Misses the Net.
17:13 of 2nd period - Shot by Rostislav Klesla.
17:13 of 2nd period - Shot Misses the Net.
17:15 of 2nd period - Shot by Rostislav Klesla.
17:15 of 2nd period - Shot Blocked by Pavel Kubina.
17:27 of 2nd period - Shot by Niklas Hagman.
17:27 of 2nd period - Shot Blocked by Marty Reasoner.
17:35 of 2nd period - Shot by Niklas Hagman.
17:35 of 2nd period - Shot Misses the Net.
18:04 of 2nd period - Icing by Radim Vrbata.
18:05 of 2nd period - Tim Connolly wins face-off versus Travis Zajac in Flyers zone.
18:10 of 2nd period - Paul Martin is hit by Raffi Torres and loses puck.
18:36 of 2nd period - Shot by Travis Zajac.
18:36 of 2nd period - Stopped by Tomas Vokoun without a rebound.
18:37 of 2nd period - Kyle Brodziak wins face-off versus Ray Whitney in Flyers zone.
18:37 of 2nd period - Kyle Brodziak is hit by Ray Whitney.
18:40 of 2nd period - Icing by Ladislav Smid.
18:41 of 2nd period - Nik Antropov wins face-off versus Kyle Brodziak in Flyers zone.
18:54 of 2nd period - Shot by Alexandre Burrows.
18:54 of 2nd period - Deflect By Ray Whitney.
18:54 of 2nd period - Goal by Ray Whitney - Flyers : 2 - RedWings : 2.
18:55 of 2nd period - Nate Thompson wins face-off versus Lee Stempniak in neutral zone.
19:15 of 2nd period - Minor Penalty to Keith Yandle for Holding.
19:16 of 2nd period - Nate Thompson wins face-off versus Brendan Morrison in RedWings zone.

Period #3

0:01 of 3rd period - Marty Reasoner wins face-off versus Brendan Morrison in neutral zone.
0:32 of 3rd period - Shot by Kevin Bieksa.
0:32 of 3rd period - Shot Blocked by Brian Campbell.
0:34 of 3rd period - Shot by Chris Pronger.
0:34 of 3rd period - Stopped by Roberto Luongo without a rebound.
0:35 of 3rd period - Marty Reasoner wins face-off versus Tim Connolly in RedWings zone.
0:35 of 3rd period - Marty Reasoner is hit by Raffi Torres.
0:47 of 3rd period - Icing by Tim Connolly.
0:48 of 3rd period - Nate Thompson wins face-off versus Tim Connolly in Flyers zone.
0:48 of 3rd period - Alexandre Burrows is hit by Andrei Markov and loses puck.
1:11 of 3rd period - Shot by Tim Connolly.
1:11 of 3rd period - Stopped by Roberto Luongo without a rebound.
1:12 of 3rd period - Brendan Morrison wins face-off versus Nate Thompson in RedWings zone.
1:12 of 3rd period - Brendan Morrison is hit by Pavel Kubina.
1:17 of 3rd period - Minor Penalty to Keith Yandle for Holding.
1:18 of 3rd period - Brendan Morrison wins face-off versus Nate Thompson in RedWings zone.
2:10 of 3rd period - Icing by Radim Vrbata.
2:11 of 3rd period - Marty Reasoner wins face-off versus Tim Connolly in Flyers zone.
2:23 of 3rd period - Icing by Tim Connolly.
2:24 of 3rd period - Nate Thompson wins face-off versus Radim Vrbata in Flyers zone.
2:30 of 3rd period - Icing by Andrei Markov.
2:31 of 3rd period - Nate Thompson wins face-off versus Tim Connolly in Flyers zone.
3:20 of 3rd period - Raffi Torres is hit by Brian Campbell and loses puck.
3:40 of 3rd period - Shot by Zach Parise.
3:40 of 3rd period - Stopped by Tomas Vokoun without a rebound.
3:41 of 3rd period - Nik Antropov wins face-off versus Brendan Morrison in Flyers zone.
4:05 of 3rd period - Pascal Dupuis is hit by Ryan Whitney.
4:51 of 3rd period - Justin Williams is hit by Brett Clark and loses puck.
5:13 of 3rd period - Icing by Randy Jones.
5:14 of 3rd period - John Madden wins face-off versus Travis Zajac in Flyers zone.
5:31 of 3rd period - Shot by Zach Parise.
5:31 of 3rd period - Stopped by Tomas Vokoun with a rebound.
5:33 of 3rd period - Shot by Brian Campbell.
5:33 of 3rd period - Shot Misses the Net.
5:35 of 3rd period - Shot by Zach Parise.
5:35 of 3rd period - Shot Misses the Net.
5:37 of 3rd period - Shot by Travis Zajac.
5:37 of 3rd period - Stopped by Tomas Vokoun without a rebound.
5:38 of 3rd period - Nate Thompson wins face-off versus Tim Connolly in Flyers zone.
5:43 of 3rd period - Shot by Keith Yandle.
5:43 of 3rd period - Shot Blocked by Andrei Markov.
5:47 of 3rd period - Shot by Nate Thompson.
5:47 of 3rd period - Goal by Nate Thompson - Flyers : 2 - RedWings : 3.
5:48 of 3rd period - Tim Connolly wins face-off versus Nik Antropov in neutral zone.
6:12 of 3rd period - Minor Penalty to Raffi Torres for Roughing.
6:13 of 3rd period - Justin Williams wins face-off versus Travis Zajac in Flyers zone.
6:44 of 3rd period - Shot by Ray Whitney.
6:44 of 3rd period - Shot Misses the Net.
6:46 of 3rd period - Shot by Brian Campbell.
6:46 of 3rd period - Stopped by Tomas Vokoun without a rebound.
6:47 of 3rd period - Justin Williams wins face-off versus Nik Antropov in Flyers zone.
7:15 of 3rd period - Shot by Zach Parise.
7:15 of 3rd period - Stopped by Tomas Vokoun without a rebound.
7:16 of 3rd period - Tim Connolly wins face-off versus Travis Zajac in Flyers zone.
8:24 of 3rd period - Lee Stempniak is hit by Pavel Kubina and loses puck.
8:27 of 3rd period - Shot by John Madden.
8:27 of 3rd period - Deflect By Lee Stempniak.
8:27 of 3rd period - Stopped by Roberto Luongo without a rebound.
8:28 of 3rd period - Kyle Brodziak wins face-off versus Nate Thompson in RedWings zone.
8:40 of 3rd period - Shot by Eric Brewer.
8:40 of 3rd period - Shot Misses the Net.
8:42 of 3rd period - Shot by Nate Thompson.
8:42 of 3rd period - Stopped by Tomas Vokoun without a rebound.
8:43 of 3rd period - Marty Reasoner wins face-off versus John Madden in Flyers zone.
8:59 of 3rd period - Marty Reasoner is hit by Lee Stempniak and loses puck.
9:16 of 3rd period - Shot by Lee Stempniak.
9:16 of 3rd period - Shot Misses the Net.
9:41 of 3rd period - Icing by Randy Jones.
9:42 of 3rd period - John Madden wins face-off versus Nik Antropov in Flyers zone.
9:55 of 3rd period - Nik Antropov is hit by Niklas Hagman and loses puck.
10:39 of 3rd period - Icing by Chris Pronger.
10:40 of 3rd period - Kyle Brodziak wins face-off versus Travis Zajac in Flyers zone.
11:05 of 3rd period - Shot by Travis Zajac.
11:05 of 3rd period - Stopped by Tomas Vokoun without a rebound.
11:06 of 3rd period - Tim Connolly wins face-off versus Marty Reasoner in Flyers zone.
11:06 of 3rd period - Tim Connolly is hit by Marty Reasoner.
11:58 of 3rd period - Shot by Justin Williams.
11:58 of 3rd period - Shot Misses the Net.
12:03 of 3rd period - Minor Penalty to Pascal Dupuis for Holding.
12:04 of 3rd period - Travis Zajac wins face-off versus Justin Williams in Flyers zone.
12:30 of 3rd period - Shot by Brian Campbell.
12:30 of 3rd period - Goal by Brian Campbell - Flyers : 2 - RedWings : 4.
12:31 of 3rd period - Nik Antropov wins face-off versus John Madden in neutral zone.
12:54 of 3rd period - Shot by Alexandre Burrows.
12:54 of 3rd period - Shot Misses the Net.
12:56 of 3rd period - Shot by Ryan Whitney.
12:56 of 3rd period - Shot Blocked by Rostislav Klesla.
12:58 of 3rd period - Shot by Keith Yandle.
12:58 of 3rd period - Shot Misses the Net.
14:12 of 3rd period - Icing by Brett Clark.
14:13 of 3rd period - Marty Reasoner wins face-off versus Raffi Torres in RedWings zone.
14:26 of 3rd period - Shot by Marty Reasoner.
14:26 of 3rd period - Stopped by Tomas Vokoun without a rebound.
14:27 of 3rd period - Tim Connolly wins face-off versus Nate Thompson in Flyers zone.
15:23 of 3rd period - Minor Penalty to Rostislav Klesla for Goalie Interference.
15:24 of 3rd period - Justin Williams wins face-off versus Nik Antropov in Flyers zone.
16:18 of 3rd period - Shot by Brian Campbell.
16:18 of 3rd period - Stopped by Tomas Vokoun without a rebound.
16:19 of 3rd period - Travis Zajac wins face-off versus Tim Connolly in Flyers zone.
16:28 of 3rd period - Shot by Ray Whitney.
16:28 of 3rd period - Shot Misses the Net.
16:30 of 3rd period - Shot by Paul Martin.
16:30 of 3rd period - Shot Misses the Net.
16:32 of 3rd period - Shot by Paul Martin.
16:32 of 3rd period - Shot Misses the Net.
16:34 of 3rd period - Shot by Ray Whitney.
16:34 of 3rd period - Shot Misses the Net.
16:36 of 3rd period - Shot by Sergei Kostitsyn.
16:36 of 3rd period - Shot Misses the Net.
16:38 of 3rd period - Shot by Paul Martin.
16:38 of 3rd period - Stopped by Tomas Vokoun without a rebound.
16:39 of 3rd period - Tim Connolly wins face-off versus Nik Antropov in Flyers zone.
16:58 of 3rd period - Shot by Alexandre Burrows.
16:58 of 3rd period - Deflect By Zach Parise.
16:58 of 3rd period - Stopped by Tomas Vokoun without a rebound.
16:59 of 3rd period - Travis Zajac wins face-off versus Tim Connolly in Flyers zone.
17:19 of 3rd period - Pascal Dupuis is hit by Travis Zajac.
17:33 of 3rd period - Shot by Jamie Langenbrunner.
17:33 of 3rd period - Deflect By Kris Draper.
17:33 of 3rd period - Stopped by Tomas Vokoun without a rebound.
17:34 of 3rd period - Travis Zajac wins face-off versus Brendan Morrison in Flyers zone.
17:43 of 3rd period - Shot by Zach Parise.
17:43 of 3rd period - Shot Blocked by Kevin Bieksa.
18:10 of 3rd period - Icing by Rostislav Klesla.
18:11 of 3rd period - Marty Reasoner wins face-off versus Brendan Morrison in Flyers zone.
18:36 of 3rd period - Shot by Jamie Langenbrunner.
18:36 of 3rd period - Shot Blocked by Andrei Markov.
18:38 of 3rd period - Shot by Kris Draper.
18:38 of 3rd period - Goal by Kris Draper - Flyers : 2 - RedWings : 5.
18:39 of 3rd period - Nik Antropov wins face-off versus Kyle Brodziak in neutral zone.
18:50 of 3rd period - Shot by Chris Pronger.
18:50 of 3rd period - Stopped by Roberto Luongo without a rebound.
18:51 of 3rd period - Nate Thompson wins face-off versus John Madden in RedWings zone.
18:56 of 3rd period - Shot by Lee Stempniak.
18:56 of 3rd period - Shot Blocked by Keith Yandle.
19:58 of 3rd period - Icing by Randy Jones.
19:59 of 3rd period - John Madden wins face-off versus Travis Zajac in Flyers zone.


Output by the SimonT Hockey Simulator (STHS) for Stephane Roy -- Original Page W3C XHTML 1.0 Valid